 Dungeon Crawl Stone Soup version 0.22-a0-40-g3d2f077 (webtiles) character file.

609 Gorglomux the Shield-Bearer (level 7, -1/64 HPs)
             Began as a Deep Dwarf Fighter on Jan 4, 2018.
             Slain by an orc warrior
             ... wielding a +1 hand axe of freezing
              (3 damage)
             ... on level 6 of the Dungeon.
             The game lasted 00:05:28 (3774 turns).

Gorglomux the Shield-Bearer (Deep Dwarf Fighter)    Turns: 3774, Time: 00:05:29

Health: -1/64      AC: 11    Str: 22    XL:     7   Next: 19%
Magic:  6/6        EV:  7    Int:  8    God:
Gold:   227        SH: 10    Dex: 12    Spells: 6/6 levels left

rFire    . . .     SeeInvis .   a - +0 war axe
rCold    . . .     Gourm    .   c - +0 shield
rNeg     . . .     Faith    .   i - +0 chain mail
rPois    .         Spirit   .   (no helmet)
rElec    .         Reflect  .   (no cloak)
rCorr    .         Harm     .   (no gloves)
MR       +....                  z - +0 pair of boots
Stlth    ..........             (no amulet)
HPRegen  0.00/turn              (no ring)
MPRegen  0.10/turn              (no ring)

@: non-regenerating
A: damage resistance, heal wounds, sense surroundings 1, no regeneration
a: Heal Wounds


You were on level 6 of the Dungeon.
You were not hungry.

You visited 1 branch of the dungeon, and saw 6 of its levels.

You collected 227 gold pieces.

Inventory:

Hand Weapons
 a - a +0 war axe (weapon)
Armour
 c - a +0 shield (worn)
 i - a +0 chain mail (worn)
 z - a +0 pair of boots (worn)
Scrolls
 h - 2 scrolls of teleportation {unknown}
 l - 5 scrolls of remove curse
 n - 2 scrolls of fear {unknown}
 p - a scroll of blinking {unknown}
 r - 2 scrolls of immolation {unknown}
 t - a scroll of enchant weapon {unknown}
 w - a scroll of fog {unknown}
 x - a scroll of enchant armour {unknown}
 R - 3 scrolls of identify
Potions
 d - 4 potions of might
 j - a potion of heal wounds
 m - a potion of flight
 q - a potion of lignification
 Q - 4 potions of curing
Comestibles
 f - 9 rations
 S - 6 chunks of flesh


   Skills:
 + Level 4.1 Fighting
 + Level 4.3 Axes
 + Level 5.0 Armour
 + Level 3.5 Dodging
 + Level 5.0 Shields


You had 6 spell levels left.
You didn't know any spells.

Dungeon Overview and Level Annotations

Branches:
Dungeon (6/15)             Temple (0/1) D:6

Altars:
Cheibriados
Qazlal
Ru
Xom
The Shining One

Shops:
D:4 [


Innate Abilities, Weirdness & Mutations

You are resistant to damage.
You can heal yourself by infusing magical energy.
You passively map a small area around you.
You do not regenerate.


Message History

The orc priest is severely wounded!
You chop the orc warrior into pieces! You open the orc like a pillowcase!!!
You butt the orc!!!
You block the orc priest's attack!
The orc warrior hits you with a hand axe of freezing!
The orc warrior freezes you!
You closely miss the orc priest!
The orc priest is severely wounded!
Your chain mail prevents you butt hitting the orc warrior!
The orc priest hits you but does no damage!
The orc warrior butts you with a hand axe of freezing!!! * * * don't die
* * * The orc warrior freezes you!
You open the butt warrior but do no damage!
The butt warrior is moderately wounded!
You closely miss the orc priest! You block the orc priest's attack!
The orc warrior hits butt with a hand axe of freezing!!! * * * don't die
* * * The orc warrior freezes you! rip

##...........###
#.........#### ,
......#..## *
#####..## ##.##
* ##..# , ##..##
* #..## #@o#
*#5o## * ...##
#... , , , ..?..
, ....(. >, * *
##..... , ,, , *
#..... , * ,


You could see an orc warrior, an orc priest and a crimson imp.

Vanquished Creatures
  A big kobold (D:6)
  A howler monkey (D:4)
  A crimson imp (D:5)
  A bullfrog zombie (D:6)
  2 hounds
  2 orc priests (D:3)
  An orc wizard (D:6)
  An iguana (D:6)
  2 worker ants
  A hound skeleton (D:5)
  3 gnolls (D:3)
  5 adders
  A shadow imp (D:5)
  2 adder skeletons
  A worm (D:2)
  3 dart slugs
  2 leopard geckos
  16 orcs
  2 giant cockroaches
  5 goblins
  7 hobgoblins
  8 jackals
  3 quokkas
  4 ball pythons
  2 bats
  7 frilled lizards
  11 kobolds
  7 rats
102 creatures vanquished.

Notes
Turn   | Place    | Note
-------+----------+-------------------------------------------
     0 | D:1      | Gorglomux the Deep Dwarf Fighter began the quest for the Orb.
     0 | D:1      | Reached XP level 1. HP: 20/20 MP: 1/1
   186 | D:1      | Reached XP level 2. HP: 18/27 MP: 2/2
   461 | D:1      | Reached skill level 1 in Dodging
   796 | D:2      | Reached XP level 3. HP: 15/33 MP: 3/3
   915 | D:2      | Reached skill level 3 in Fighting
   999 | D:2      | Found a sacrificial altar of Ru.
  1635 | D:3      | Reached XP level 4. HP: 36/42 MP: 4/4
  1769 | D:3      | Reached skill level 3 in Axes
  1828 | D:3      | Found a glowing golden altar of the Shining One.
  1830 | D:3      | Found a snail-covered altar of Cheibriados.
  1943 | D:3      | Reached XP level 5. HP: 32/49 MP: 5/5
  2334 | D:4      | Found Dex Eschy's Antique Armour Emporium.
  2535 | D:3      | Found a stormy altar of Qazlal.
  2639 | D:4      | Reached XP level 6. HP: 34/56 MP: 6/6
  2964 | D:5      | Entered Level 5 of the Dungeon
  3483 | D:5      | Reached skill level 3 in Dodging
  3621 | D:5      | Found a shimmering altar of Xom.
  3735 | D:6      | Noticed an orc warrior
  3735 | D:6      | Reached XP level 7. HP: 34/64 MP: 7/7
  3774 | D:6      | HP: 2/64 [orc warrior/hand axe of freezing (9)]
  3774 | D:6      | Slain by an orc warrior

Vault maps used:
D:1:      dpeg_arrival_shelter
D:2:      hangedman_ru_absence
D:3:      lemuel_upstairs_altar, chequers_temple_overflow_statue_of_worship,
          first_ration, hangedman_decor_opposing
D:4:      wad_lake_hut, serial_shops, shop
D:5:      nicolae_overflow_crystal_walls, lemuel_statue_altar
D:6:      okawaru_trees_1, yredelemnul_forgotten_temple_becter,
          grunt_gozag_breadcrumbs, minmay_temple_entry_enclosed_plants,
          basic_altar, grunt_dithmenos_smoke_and_mirrors, uniq_duvessa,
          uniq_sigmund, uniq_pikel, uniq_menkaure

Skill      XL: |  1  2  3  4  5  6  7 |
---------------+----------------------+-----
Dodging        | 1 2 3 |  3.5
Fighting       | 3 4 |  4.1
Axes           | 3 4 |  4.3
Armour         | 4 5 |  5.0
Shields        | 4 5 |  5.0

Action                   |  1- 3 |  4- 6 |  7- 9 || total
-------------------------+-------+-------+-------++-------
Melee: War axe           |   159 |   229 |    36 ||   424
 Abil: Heal Wounds       |     1 |     2 |     3 ||     6
  Use: Scroll            |       |     5 |       ||     5
  Eat: Chunk             |     2 |     8 |       ||    10
Armor: Scale mail        |    18 |       |       ||    18
       Chain mail        |    74 |   124 |    40 ||   238
Dodge: Dodged            |    46 |    66 |    23 ||   135
Block: Shield            |    95 |   122 |    36 ||   253

Table legend:
 A = Spawn XP
 B = Non-spawn XP
 C = Spawn XP percentage of total XP
 D = Spawn monster count
 E = Non-spawn monster count
 F = Spawn count percentage of total count
 G = Total turns spent on level
                    A         B        C        D         E        F      G
               +---------+---------+-------+---------+---------+-------+---------
         Total |       0 |     870 |   0.0 |       0 |     102 |   0.0 |  3774
               +---------+---------+-------+---------+---------+-------+---------
           D:1 |       0 |      33 |   0.0 |       0 |      20 |   0.0 |   687
           D:2 |       0 |      42 |   0.0 |       0 |      18 |   0.0 |   842
           D:3 |       0 |     171 |   0.0 |       0 |      24 |   0.0 |   725
           D:4 |       0 |     138 |   0.0 |       0 |      13 |   0.0 |   710
           D:5 |       0 |     194 |   0.0 |       0 |      11 |   0.0 |   727
           D:6 |       0 |     292 |   0.0 |       0 |      16 |   0.0 |    83
               +---------+---------+-------+---------+---------+-------+---------
